 Dungeon Crawl Stone Soup version 0.22-a0-268-g1cc83ef (webtiles) character file.

4706 Amnesiac the Blocker (level 10, -3/82 HPs)
             Began as a Formicid Fighter on Mar 9, 2018.
             Slain by a purple ugly thing (13 damage)
             ... on level 8 of the Dungeon.
             The game lasted 00:14:56 (8635 turns).

Amnesiac the Blocker (Formicid Fighter)             Turns: 8635, Time: 00:14:57

Health: -3/82      AC:  8    Str: 28    XL:     10   Next: 73%
Magic:  10/10      EV: 13    Int:  9    God:
Gold:   413        SH: 12    Dex: 10    Spells: 9/9 levels left

rFire    . . .     SeeInvis +   a - +1 quarterstaff
rCold    . . .     Gourm    .   c - +0 shield
rNeg     . . .     Faith    .   b - +0 scale mail
rPois    .         Spirit   .   (helmet unavailable)
rElec    .         Reflect  .   (no cloak)
rCorr    .         Harm     .   (no gloves)
MR       +....                  (no boots)
Stlth    ..........             e - amulet of regeneration
HPRegen  0.63/turn              (no ring)
MPRegen  0.12/turn              (no ring)

@: mighty
A: permanent stasis, dig shafts and tunnels, four strong arms, antennae 3
a: Dig, Shaft Self


You were on level 8 of the Dungeon.
You were not hungry.

You visited 2 branches of the dungeon, and saw 9 of its levels.

You collected 413 gold pieces.

Inventory:

Hand Weapons
 a - a +1 quarterstaff (weapon)
Missiles
 h - 14 poisoned needles
 n - a throwing net (quivered)
 o - 7 curare-tipped needles
 q - 7 needles of paralysis
 y - 58 bolts
Armour
 b - a +0 scale mail (worn)
 c - a +0 shield (worn)
Jewellery
 e - an amulet of regeneration (around neck)
Wands
 j - a wand of paralysis (12)
 p - a wand of random effects (19)
 w - a wand of flame (15)
 z - a wand of enslavement (8)
 B - a wand of acid (2)
Scrolls
 s - a scroll of noise {!r, unknown}
 t - a scroll of fear {!r, unknown}
 v - 3 scrolls of enchant weapon {!r}
 x - 2 scrolls of identify {!r}
 A - a scroll of enchant armour {!r, unknown}
Potions
 d - 3 potions of might {!q}
 g - a potion of curing {!q}
 k - 2 potions of degeneration {!q, unknown}
 l - 3 potions of lignification {!q, unknown}
 m - 5 potions of brilliance {!q, unknown}
 r - a potion of mutation {!q}
 u - a potion of resistance {!q}
Comestibles
 f - 20 rations


   Skills:
 + Level 8.9 Fighting
 - Level 2.0 Staves
 + Level 8.8 Armour
 + Level 7.3 Dodging
 - Level 9.2 Shields


You had 9 spell levels left.
You didn't know any spells.

Dungeon Overview and Level Annotations

Branches:
Dungeon (8/15)             Temple (1/1) D:4
   Lair: D:8-11

Altars:
Ashenzari
Cheibriados
Dithmenos
Elyvilon
Fedhas
Gozag
Hepliaklqana
Kikubaaqudgha
Makhleb
Nemelex Xobeh
Qazlal
Ru
Sif Muna
Trog
Uskayaw
Vehumet
Wu Jian
Xom
Yredelemnul
Zin
The Shining One

Annotations:
D:4 Borgoz's ghost, amateur GnAK


Innate Abilities, Weirdness & Mutations

You cannot be hasted, slowed, berserked, paralysed or teleported.
You can dig through walls and to a lower floor.
Your four strong arms can wield two-handed weapons with a shield.
You have a pair of large antennae on your head. (SInv)


Message History

There is a transporter here.
You enter the transporter and appear at another place.
You feel sick. The hornet stings you!
Your stasis prevents you from being slowed.
You block the purple ugly thing's attack.
You feel sick. The hornet misses you.
You block the purple ugly thing's attack.
The hornet stings you!
Your stasis prevents you from being slowed.
You feel sick. The hornet closely misses you.
The purple ugly thing bites you but does no damage.
You feel sick.
You hit the purple ugly thing.
The purple ugly thing is lightly wounded.
You feel sick.
You block the purple ugly thing's attack.
You feel sick.
Evoke which item? (* to show all) (? for menu, Esc to quit)
Aiming: Corrosive Bolt
Press: ? - help, Shift-Dir - straight line, f - purple ugly thing
Aim: a purple ugly thing (lightly wounded)
The bolt of acid hits the purple ugly thing.
The purple ugly thing is splashed with acid.
The acid corrodes the purple ugly thing!
The purple ugly thing is heavily wounded.
You feel sick. The purple ugly thing bites you!
* * * LOW HITPOINT WARNING * * *
An acid dragon comes into view.
You hit the purple ugly thing.
The purple ugly thing is heavily wounded.
The purple ugly thing bites you but does no damage.
You hit the purple ugly thing.
The purple ugly thing is heavily wounded.
You feel sick. The purple ugly thing bites you.
* * * LOW HITPOINT WARNING * * *
Really quaff
d - 4 potions of might {!q}?
You feel very mighty all of a sudden.
You block the purple ugly thing's attack.
Really quaff
g - 3 potions of curing {!q}?
You feel better.
The acid dragon changes into a sky beast!
The purple ugly thing bites you.
* * * LOW HITPOINT WARNING * * *
You closely miss the purple ugly thing.
The purple ugly thing is heavily wounded.
The purple ugly thing bites you but does no damage.
You thump the purple ugly thing!
The purple ugly thing is severely wounded.
The purple ugly thing bites you!
* * * LOW HITPOINT WARNING * * *
You completely miss the purple ugly thing.
The purple ugly thing is severely wounded.
The purple ugly thing bites you!
* * * LOW HITPOINT WARNING * * *
The purple ugly thing bites you!
* * * LOW HITPOINT WARNING * * *
You barely miss the purple ugly thing.
The purple ugly thing is severely wounded.
The purple ugly thing bites you.
* * * LOW HITPOINT WARNING * * *
Okay, then.
Really quaff
g - 2 potions of curing {!q}?
You feel better. The purple ugly thing bites you!
You die...

########## ...#.....##
..........## ##########
...........# #........#
...........# #........#
...........# #........#
.....).....##### #........#
...............#######........#
...........###..@uY...........###
........[.#########.#............
.........###...####.#####..######
###...........<.##...####..#
#..#####.........©..))...######
#......#.....#########......#..
#......#....##8${Z.$8##........
#......##.>.#..?($$(..#...#....
#......#....#.#.....#.#........


You could see a purple ugly thing and a sky beast shaped shifter.

Vanquished Creatures
  2 two-headed ogres (D:8)
  A hippogriff (D:7)
  Sigmund (D:2)
  A spriggan (D:7)
  A steam dragon (D:7)
  An ice beast (D:8)
  An orc warrior (D:8)
  An eye of draining (D:4)
  A phantom (D:8)
  An ogre (D:4)
  2 centaurs
  5 bullfrogs
  3 scorpions
  6 killer bees (D:8)
  5 wights
  4 howler monkeys
  3 crimson imps
  2 hounds
  2 jellies
  4 orc priests
  A bullfrog skeleton (D:5)
  A gnoll shaman (D:7)
  An iguana (D:7)
  7 orc wizards
  9 worker ants
  A hound zombie (D:5)
  A howler monkey zombie (D:7)
  11 gnolls
  A howler monkey skeleton (D:5)
  7 adders
  7 shadow imps
  An ooze (D:1)
  An adder skeleton (D:4)
  2 worms (D:3)
  6 dart slugs
  2 leopard geckos
  26 orcs
  9 giant cockroaches
  10 goblins
  6 hobgoblins
  7 jackals
  8 kobolds
  3 quokkas
  3 ball pythons
  3 bats
  4 frilled lizards
  A leopard gecko zombie (D:7)
  5 rats
191 creatures vanquished.

Notes
Turn   | Place    | Note
-------+----------+-------------------------------------------
     0 | D:1      | Amnesiac the Formicid Fighter began the quest for the Orb.
     0 | D:1      | Reached XP level 1. HP: 18/18 MP: 1/1
    36 | D:1      | Reached skill level 1 in Dodging
    56 | D:1      | Reached XP level 2. HP: 24/24 MP: 2/2
   288 | D:1      | Reached XP level 3. HP: 23/29 MP: 3/3
   813 | D:2      | Found an opulent altar of Gozag.
   905 | D:2      | Reached XP level 4. HP: 26/35 MP: 4/4
   967 | D:2      | Found a burning altar of Makhleb.
  1024 | D:2      | Reached skill level 4 in Shields
  1314 | D:2      | Noticed Sigmund
  1336 | D:3      | Reached XP level 5. HP: 20/42 MP: 5/5
  2463 | D:2      | Found a glowing golden altar of the Shining One.
  2494 | D:2      | Killed Sigmund
  2494 | D:2      | Reached XP level 6. HP: 18/49 MP: 6/6
  3048 | D:4      | Found a bloodstained altar of Trog.
  3049 | D:4      | Noticed an eye of draining
  3069 | D:4      | Killed an eye of draining
  3069 | D:4      | Reached skill level 5 in Shields
  3069 | D:4      | Reached XP level 7. HP: 41/55 MP: 0/7
  3110 | D:4      | Found a staircase to the Ecumenical Temple.
  3131 | Temple   | Entered the Ecumenical Temple
  3242 | D:4      | Noticed Borgoz's ghost (amateur GnAK)
  3891 | D:4      | Reached skill level 5 in Fighting
  3949 | D:5      | Entered Level 5 of the Dungeon
  3956 | D:5      | Reached skill level 5 in Armour
  4149 | D:5      | Found a shadowy altar of Dithmenos.
  4337 | D:5      | Reached XP level 8. HP: 60/62 MP: 8/8
  4678 | D:5      | Reached skill level 6 in Shields
  5561 | D:5      | Found a deep blue altar of Sif Muna.
  5996 | D:6      | Found a hide-covered altar of Uskayaw.
  6385 | D:7      | Noticed a spriggan baker
  6389 | D:7      | Killed a spriggan baker
  6389 | D:7      | Reached skill level 5 in Dodging
  6465 | D:7      | Reached skill level 7 in Shields
  6465 | D:7      | Reached XP level 9. HP: 50/71 MP: 9/9
  6705 | D:7      | Noticed a hippogriff
  6750 | D:7      | Killed a hippogriff
  6929 | D:7      | Found a hazy altar of Hepliaklqana.
  7519 | D:8      | Reached skill level 8 in Shields
  7678 | D:8      | Noticed a two-headed ogre
  7886 | D:7      | Reached XP level 10. HP: 56/80 MP: 10/10
  8023 | D:8      | Found a transporter.
  8023 | D:8      | Found a transporter.
  8024 | D:8      | Noticed a purple ugly thing
  8027 | D:8      | Found a stormy altar of Qazlal.
  8033 | D:8      | Noticed a salamander
  8033 | D:8      | a yak changed into a salamander
  8104 | D:8      | Noticed a death drake
  8104 | D:8      | a salamander changed into a death drake
  8120 | D:8      | a death drake changed into a dream sheep
  8183 | D:8      | Killed a two-headed ogre
  8183 | D:8      | Reached skill level 9 in Shields
  8214 | D:8      | Noticed a two-headed ogre
  8246 | D:8      | Killed a two-headed ogre
  8305 | D:8      | Noticed a rime drake
  8305 | D:8      | a warg changed into a rime drake
  8306 | D:8      | Noticed a spiny frog
  8306 | D:8      | a rime drake changed into a spiny frog
  8311 | D:8      | a spiny frog changed into a yak
  8454 | D:8      | Noticed a swamp dragon
  8634 | D:8      | HP: 4/82 [purple ugly thing (3)]
  8635 | D:8      | Slain by a purple ugly thing

Vault maps used:
D:1:      tarquinn_simple_flora_water_e
D:2:      overflow_temple_1_default, tso_oasis_becter, makhleb_grotto_becter,
          nrook_mini_backslash, uniq_sigmund
D:3:      dk_noncrumbling_2
D:4:      trog_eyes_of_draining, minmay_temple_entry_overgrown
D:5:      lemuel_blue_sif_altar, first_ration, grunt_dithmenos_shadows
D:6:      eat_drink_and_be_merry_uskayaw
D:7:      overflow_temple_1_default, the_bakery
D:8:      gammafunk_temple_overflow_arena
Temple:   nicolae_temple_god_jail

Skill      XL: |  1  2  3  4  5  6  7  8  9 10 |
---------------+-------------------------------+-----
Dodging        | 1 2 3 4 5 6 7 |  7.3
Shields        | 4 5 7 8 9 |  9.2
Fighting       | 4 5 6 7 8 |  8.9
Armour         | 4 5 6 7 8 |  8.8
Staves         | |  2.0

Action                   |  1- 3 |  4- 6 |  7- 9 | 10-12 || total
-------------------------+-------+-------+-------+-------++-------
Melee: Quarterstaff      |    73 |   128 |   530 |   129 ||   860
Throw: Stone             |       |       |     5 |       ||     5
 Abil: Dig               |       |       |    12 |     2 ||    14
Evoke: Wand              |       |       |       |    11 ||    11
  Use: Scroll            |       |       |     7 |       ||     7
       Potion            |       |       |     5 |     3 ||     8
 Stab: Paralysed         |       |       |       |     7 ||     7
  Eat: Chunk             |       |     7 |    15 |     3 ||    25
       Ration            |       |       |     1 |       ||     1
Armor: Scale mail        |    22 |    37 |   134 |    22 ||   215
Dodge: Dodged            |    26 |    43 |   265 |    54 ||   388
Block: Shield            |    42 |    52 |   309 |    79 ||   482

Table legend:
 A = Spawn XP
 B = Non-spawn XP
 C = Spawn XP percentage of total XP
 D = Spawn monster count
 E = Non-spawn monster count
 F = Spawn count percentage of total count
 G = Total turns spent on level
                    A         B        C        D         E        F      G
               +---------+---------+-------+---------+---------+-------+---------
         Total |       0 |    6724 |   0.0 |       0 |     191 |   0.0 |  8635
               +---------+---------+-------+---------+---------+-------+---------
           D:1 |       0 |      55 |   0.0 |       0 |      25 |   0.0 |   795
           D:2 |       0 |     307 |   0.0 |       0 |      14 |   0.0 |  1134
           D:3 |       0 |      47 |   0.0 |       0 |      22 |   0.0 |  1258
           D:4 |       0 |     343 |   0.0 |       0 |      16 |   0.0 |   708
           D:5 |       0 |     703 |   0.0 |       0 |      33 |   0.0 |  1859
           D:6 |       0 |     398 |   0.0 |       0 |      13 |   0.0 |   789
           D:7 |       0 |    1792 |   0.0 |       0 |      37 |   0.0 |  1137
           D:8 |       0 |    3079 |   0.0 |       0 |      31 |   0.0 |   901
               +---------+---------+-------+---------+---------+-------+---------
